Map: Emerald City CE

Players

Ekelpack - Winner!

  • Race: Zerg Zerg
  • Spawn Location: 11:00

Nyck - Winner!

  • Race: Terran Terran
  • Spawn Location: 11:00

Boogle

  • Race: Terran Terran
  • Spawn Location: 5:00

cute

  • Race: Protoss Protoss
  • Spawn Location: 5:00

VOD

Have the link to the VOD?

Description

Time

  • Played on: April 8, 2025, 3:06 p.m.
  • Length: 20:54
Show
View Real Time Build Order
Export as new Build Order

Ekelpack Zerg - Winner!

Build Orders: Hatch First 

Get SALT Encoding   

  12  0:00  Drone  
  13  0:12  Overlord  
  13  0:17  Drone  
  14  0:30  Drone x2  
  14  0:35  Drone  
  17  0:53  Hatchery  
  17  0:54  Drone  
  17  0:59  Extractor  
  17  1:00  Drone  
  17  1:15  Spawning Pool  
  17  1:17  Drone  
  17  1:23  Drone  
  18  1:28  Drone  
  19  1:38  Drone  
  20  2:04  Queen  
  20  2:05  Queen  
  20  2:07  Drone  
  25  2:10  Metabolic Boost  
  25  2:12  Drone  
  26  2:18  Overlord  
  26  2:21  Drone  
  27  2:24  Drone  
  28  2:36  Drone x3  
  31  2:40  Drone  
  31  2:43  Lair  
  32  2:52  Drone, Extractor  
  32  2:53  Zergling x2  
  33  2:59  Drone  
  33  3:01  Zergling x2  
  35  3:16  Drone  
  35  3:19  Overlord  
  36  3:20  Overlord  
  36  3:22  Extractor  
  35  3:32  Drone  
  36  3:42  Spire  
  36  3:44  Drone x3  
  36  3:47  Extractor  
  37  3:52  Zergling x2  
  37  3:53  Zergling x12  
  44  4:01  Queen  
  46  4:04  Drone  
  47  4:12  Overlord  
  47  4:14  Overlord  
  47  4:22  Drone  
  47  4:36  Zergling x2  
  47  4:37  Zergling x16  
  56  4:38  Spine Crawler  
  55  4:54  Drone  
  55  4:55  Drone  
  55  4:57  Zerg Flyer Weapons Level 1  
  55  4:59  Overlord x2  
  49  5:08  Drone x3  
  46  5:22  Drone x4  
  50  5:34  Drone  
  51  5:53  Mutalisk x7  
  65  6:10  Hatchery  
  64  6:27  Overlord x2  
  64  6:37  Mutalisk  
  64  6:38  Mutalisk x6  
  78  6:41  Overlord  
  74  7:02  Mutalisk  
  74  7:03  Mutalisk x4  
  84  7:11  Infestation Pit  
  83  7:25  Drone x7  
  90  7:31  Overseer x3  
  87  7:48  Hive  
  87  7:53  Evolution Chamber  
  87  7:55  Drone x6, Evolution Chamber  
  87  7:56  Drone x3  
  87  7:57  Extractor  
  93  8:00  Extractor  
  92  8:10  Overlord  
  92  8:11  Overlord x3  
  84  8:43  Zerg Melee Weapons Level 1, Zerg Ground Armor Level 1  
  84  8:46  Zergling x24  
  84  8:47  Zergling x2  
  95  9:26  Adrenal Glands  
  95  9:27  Zergling x4  
  95  9:28  Ultralisk Cavern, Zergling x28  
  110  9:43  Hatchery  
  110  9:45  Overlord x2  
  109  9:46  Overlord x3  
  107  9:57  Zergling x2  
  107  9:58  Zergling x18  
  84  10:32  Ultralisk  
  84  10:33  Ultralisk x4  
  111  10:37  Anabolic Synthesis  
  111  10:48  Drone x7  
  114  11:19  Chitinous Plating  
  114  11:22  Extractor  
  114  11:23  Zerg Melee Weapons Level 2, Extractor, Zerg Ground Armor Level 2  
  112  11:31  Overlord, Ultralisk x2  
  112  11:32  Ultralisk  
  128  11:49  Drone  
  128  11:50  Drone, Queen  
  128  11:53  Pneumatized Carapace  
  132  12:03  Overlord  
  132  12:14  Ultralisk x4  
  132  12:15  Zergling x2, Ultralisk  
  162  12:16  Zergling x12  
  169  12:31  Drone x2  
  166  13:31  Ultralisk  
  166  13:32  Ultralisk x4  
  166  13:33  Zergling x2  
  166  13:34  Zergling x4  
  199  13:43  Zerg Melee Weapons Level 3, Zerg Ground Armor Level 3  
  199  14:09  Overseer x3  
  175  14:39  Ultralisk x5  
  175  14:40  Ultralisk x2  
  175  14:43  Overlord x6  
  177  14:46  Overlord x4  
  163  15:07  Zergling x16  
  164  15:08  Zergling x12  
  123  15:33  Overseer x4  
  121  15:54  Ultralisk  
  121  15:55  Ultralisk x4  
  141  16:19  Ultralisk x3  
  141  16:20  Ultralisk x3  
  176  16:57  Ultralisk  
  176  16:58  Ultralisk x2  
  194  17:14  Zergling x10  
  192  17:42  Overlord x2  
  139  17:54  Ultralisk x6  
  139  17:55  Hatchery, Zergling x2  
  139  17:56  Zergling x8  
  179  18:04  Overseer  
  173  18:13  Spore Crawler  
  154  18:23  Extractor  
  154  18:24  Zergling x2, Ultralisk x2  
  154  18:25  Zergling x4  
  162  18:28  Extractor  
  153  18:49  Zergling x4, Ultralisk x2  
  153  18:50  Zergling x4  
  169  19:09  Drone  
  170  19:14  Zergling x2, Ultralisk x2  
  182  19:26  Drone  
  183  19:42  Drone x3  
  183  19:43  Drone x4  
  190  20:01  Hatchery  
  190  20:06  Ultralisk  
  190  20:07  Zergling x10  
  199  20:19  Zergling x2  
  199  20:25  Spore Crawler  
  199  20:28  Zergling x2  
Show
View Real Time Build Order
Export as new Build Order

Nyck Terran - Winner!

Build Orders:  

Get SALT Encoding   

  12  0:00  SCV  
  13  0:12  SCV  
  14  0:17  Supply Depot  
  14  0:24  SCV  
  15  0:39  SCV  
  15  0:41  Barracks  
  16  0:51  SCV  
  16  0:54  Refinery  
  16  0:55  Refinery  
  17  1:03  SCV  
  18  1:15  SCV  
  19  1:28  Orbital Command  
  19  1:32  Reaper  
  20  1:38  Barracks  
  20  1:42  Supply Depot  
  20  2:05  SCV  
  21  2:18  SCV  
  22  2:23  Barracks Tech Lab, Factory  
  22  2:27  Barracks Reactor  
  22  2:29  Command Center  
  22  2:35  SCV  
  23  2:44  Combat Shield  
  23  2:46  Marine  
  23  2:49  SCV  
  25  3:10  SCV  
  25  3:11  Marine x3  
  29  3:18  Starport  
  29  3:19  Factory Reactor  
  29  3:24  Supply Depot  
  29  3:27  Barracks  
  29  3:32  SCV  
  30  3:54  SCV  
  30  3:55  Orbital Command  
  30  4:05  Marine x3  
  33  4:13  Medivac  
  33  4:14  Medivac  
  38  4:19  Barracks Reactor  
  37  4:35  Marine x2  
  37  4:36  Marine  
  40  4:50  Medivac  
  42  4:53  Marine x2  
  44  5:05  Marine x3  
  47  5:08  Medivac  
  47  5:11  Marine  
  50  5:16  Orbital Command  
  50  5:27  Marine  
  50  5:28  Marine x3  
  53  5:30  Engineering Bay  
  53  5:34  Engineering Bay  
  54  5:37  SCV, Armory  
  55  5:44  SCV  
  55  5:49  SCV  
  57  5:52  Medivac  
  57  5:53  Marine x3  
  51  5:57  Stimpack  
  62  6:05  Supply Depot  
  62  6:11  Marine x2  
  62  6:12  SCV x2  
  66  6:19  Refinery  
  66  6:20  Terran Infantry Weapons Level 1  
  66  6:23  Refinery  
  66  6:24  SCV x2  
  68  6:31  Terran Infantry Armor Level 1  
  68  6:36  SCV x2  
  70  6:41  Marine x5  
  75  6:48  SCV x2  
  77  6:55  Command Center  
  77  6:58  Marine  
  78  7:06  Supply Depot  
  78  7:08  Terran Vehicle And Ship Armor Level 1  
  78  7:24  Marine  
  78  7:26  Marine  
  78  7:27  SCV  
  78  7:28  SCV, Marine x2  
  65  7:49  SCV  
  65  7:50  SCV  
  67  7:51  Missile Turret  
  67  8:01  SCV  
  67  8:02  SCV  
  67  8:04  Marine x5  
  74  8:08  SCV  
  75  8:14  SCV x2  
  75  8:17  Terran Infantry Weapons Level 2  
  77  8:20  SCV  
  77  8:21  Marine  
  77  8:26  SCV x2  
  81  8:41  SCV x2  
  83  8:42  Orbital Command  
  83  8:43  Marine x5  
  83  8:44  Viking x2  
  74  9:19  SCV x2  
  74  9:20  SCV  
  75  9:24  Marine x4  
  75  9:25  Marauder  
  75  9:30  Terran Infantry Armor Level 2  
  81  9:31  SCV  
  81  9:32  SCV x2, Viking x2  
  81  9:35  Armory  
  88  9:42  Marine x3  
  88  9:44  SCV x3  
  88  9:45  Refinery  
  94  9:48  Refinery  
  94  9:56  SCV x3  
  94  9:59  Terran Ship Weapons Level 1  
  97  10:07  Marine x2  
  97  10:08  SCV, Marine  
  101  10:22  SCV x2, Marine x2  
  88  10:35  SCV  
  88  10:36  SCV x2  
  88  10:38  Marine x2  
  88  10:39  Marine x2  
  88  10:40  Viking x2  
  99  10:48  SCV x2  
  101  10:52  Terran Vehicle And Ship Armor Level 2  
  101  10:56  Missile Turret  
  101  10:58  SCV  
  94  11:07  SCV x2  
  91  11:20  SCV x3  
  91  11:23  Marine x2  
  91  11:24  Marine x3  
  99  11:27  Viking  
  101  11:42  Command Center  
  101  11:44  Supply Depot  
  101  11:52  Terran Infantry Armor Level 3, Terran Infantry Weapons Level 3  
  101  12:05  Marine x4  
  101  12:06  SCV x2, Viking  
  101  12:07  Supply Depot  
  109  12:28  SCV x3, Marine x4  
  116  12:30  Supply Depot  
  116  12:31  Terran Ship Weapons Level 2  
  116  12:34  Command Center  
  116  12:38  Marine  
  117  12:44  SCV x3, Medivac x2  
  117  12:46  Marine x2  
  126  12:53  Supply Depot, Orbital Command  
  126  12:57  SCV x3  
  129  13:07  Refinery  
  129  13:09  SCV x3  
  129  13:12  Marine x2  
  132  13:13  Marine x3  
  132  13:15  Viking x2  
  132  13:16  Supply Depot  
  141  13:21  SCV x3  
  141  13:24  Terran Vehicle And Ship Armor Level 3  
  144  13:27  Factory Tech Lab  
  144  13:30  Marine  
  145  13:35  SCV x4  
  145  13:39  Supply Depot, Marine x3  
  145  13:40  Marine  
  153  13:45  Viking x2  
  153  13:47  SCV x4  
  153  13:48  Orbital Command  
  161  13:59  SCV x3  
  161  14:00  Refinery, Missile Turret  
  161  14:01  SCV  
  165  14:11  SCV x3  
  168  14:27  SCV x4  
  168  14:28  Viking x2  
  161  14:58  Viking  
  147  15:18  Viking  
  141  15:28  Viking  
  105  15:40  Marine  
  105  15:41  Marine x4  
  110  15:48  Viking  
  110  15:53  Starport  
  110  15:54  Starport  
  110  15:58  Marine x5, Viking  
  117  16:15  SCV x2  
  117  16:16  SCV x2, Marine x5  
  138  16:18  Viking  
  126  16:23  Terran Vehicle Weapons Level 1  
  126  16:24  Terran Ship Weapons Level 3  
  126  16:28  Viking  
  126  16:32  SCV x4  
  132  16:34  Marine x5  
  136  16:46  Refinery  
  136  16:48  Viking  
  136  16:51  Marine  
  136  16:52  Marine x4  
  143  16:55  Starport Reactor x2, Barracks x2  
  143  16:56  Barracks  
  143  16:58  Viking  
  145  17:09  Marine  
  145  17:10  Marine x3  
  145  17:11  SCV x5  
  145  17:12  Marine  
  155  17:18  Viking  
  157  17:23  SCV x3  
  157  17:24  SCV x2  
  157  17:27  Marine x3  
  157  17:28  Marine, Viking  
  166  17:30  Marine  
  155  17:45  Marine x2  
  155  17:48  Viking  
  149  17:58  Viking  
  144  18:18  Viking  
  128  18:28  Viking  
  128  18:43  Marine x5  
  128  18:45  Viking  
  128  18:46  Viking x3  
  128  18:48  Viking  
  146  18:51  Barracks Reactor  
  146  18:54  Barracks Reactor  
  144  18:56  Barracks Reactor  
  144  18:57  Viking  
  144  18:59  Barracks Reactor  
  144  19:01  Marine x5  
  150  19:07  SCV  
  150  19:08  SCV x2  
  153  19:15  Viking  
  153  19:16  Viking x3  
  161  19:18  Marine, Viking  
  161  19:19  Marine x4  
  168  19:27  Viking  
  168  19:29  Marine  
  168  19:30  Marine  
  172  19:36  Marine  
  172  19:37  Marine x4  
  177  19:45  Viking  
  177  19:47  Marine  
  180  19:55  Marine  
  180  19:56  Marine x2  
  180  19:57  Marine  
  180  19:58  Marine  
  180  19:59  Marine  
  180  20:00  Viking  
  180  20:01  Viking  
  180  20:02  Viking  
  180  20:04  Marine, Viking  
  180  20:05  Marine  
  180  20:26  Supply Depot, Marine x11  
  195  20:30  SCV  
  195  20:35  SCV  
  196  20:39  SCV  
  196  20:49  Supply Depot  
Show
View Real Time Build Order
Export as new Build Order

Boogle Terran 

Build Orders:  

Get SALT Encoding   

  12  0:00  SCV  
  13  0:12  SCV  
  14  0:23  Supply Depot  
  14  0:24  SCV  
  15  0:31  Refinery  
  15  0:39  Refinery  
  15  0:44  SCV  
  16  0:51  Barracks  
  16  1:05  SCV  
  17  1:17  SCV  
  18  1:29  SCV  
  19  1:46  Command Center  
  19  1:53  SCV  
  20  1:54  Marine  
  21  2:08  Orbital Command  
  21  2:21  Marine  
  21  2:26  Supply Depot  
  21  2:37  SCV  
  21  2:43  Factory  
  22  2:44  Marine  
  23  3:10  SCV x2  
  25  3:14  Barracks Tech Lab  
  25  3:22  SCV  
  25  3:23  SCV  
  27  3:29  Starport  
  27  3:30  Factory Tech Lab  
  27  3:32  Marine  
  28  3:34  Stimpack  
  28  3:38  Bunker  
  28  3:39  SCV  
  30  3:43  Orbital Command  
  29  3:49  Supply Depot  
  29  3:51  SCV  
  30  4:01  Siege Tank  
  33  4:02  Marine  
  33  4:03  SCV  
  33  4:08  SCV  
  36  4:14  Starport Reactor  
  36  4:15  SCV  
  37  4:21  SCV, Barracks  
  38  4:28  Supply Depot, SCV  
  38  4:31  Marine  
  40  4:34  SCV  
  41  4:45  Command Center  
  41  4:48  Refinery  
  41  4:49  SCV  
  41  4:50  SCV  
  43  4:54  Medivac  
  47  5:00  Widow Mine  
  47  5:01  SCV  
  47  5:03  Medivac  
  50  5:16  Combat Shield  
  50  5:18  Barracks Tech Lab  
  50  5:25  SCV x2  
  50  5:26  Barracks  
  52  5:29  Engineering Bay  
  52  5:32  Engineering Bay  
  52  5:35  Supply Depot  
  52  5:37  SCV  
  52  5:38  Supply Depot, SCV  
  54  5:49  Widow Mine  
  56  5:50  Marine x2  
  56  5:52  Concussive Shells  
  58  5:59  Orbital Command  
  58  6:00  SCV x2  
  60  6:04  Refinery  
  60  6:06  Medivac x2  
  60  6:09  Terran Infantry Weapons Level 1  
  60  6:11  Terran Infantry Armor Level 1, Widow Mine  
  66  6:12  SCV  
  66  6:17  Missile Turret  
  67  6:21  Missile Turret  
  67  6:26  Missile Turret  
  67  6:27  Orbital Command, SCV x2  
  69  6:45  SCV x2  
  71  6:48  Widow Mine  
  71  6:49  Marine  
  71  6:50  Marauder  
  71  6:54  Viking x2  
  78  7:07  Barracks Tech Lab, Marine  
  79  7:11  Siege Tank, Marauder  
  84  7:17  Missile Turret  
  84  7:25  SCV x3, Marine  
  88  7:32  Marine  
  90  7:37  SCV x3  
  90  7:43  Missile Turret  
  92  7:47  Supply Depot x2  
  92  7:49  SCV  
  93  7:59  SCV, Siege Tank, Medivac x2  
  93  8:02  Barracks  
  93  8:03  Barracks  
  93  8:05  Missile Turret  
  101  8:07  Barracks  
  101  8:10  Supply Depot x2  
  101  8:13  Armory  
  101  8:14  Marine, Barracks  
  101  8:15  Marine, Barracks, Marauder  
  103  8:27  Refinery  
  103  8:32  Marine  
  103  8:33  Marauder  
  106  8:37  Marauder  
  108  8:42  Missile Turret  
  108  8:43  Hi-Sec Auto Tracking, Missile Turret  
  108  8:46  Viking  
  108  8:47  Medivac  
  112  8:50  Marine  
  112  8:52  Barracks Tech Lab x2  
  112  8:53  Refinery  
  112  8:54  Marauder  
  112  8:55  Supply Depot  
  115  8:57  Barracks Tech Lab, Marine  
  115  8:58  Barracks  
  116  9:09  Marauder  
  118  9:13  Terran Infantry Weapons Level 2  
  118  9:15  Marine  
  118  9:16  Marauder, Medivac  
  118  9:17  Terran Ship Weapons Level 1  
  123  9:22  Marine, Marauder x2  
  130  9:27  Barracks Tech Lab x2  
  130  9:29  Marine  
  129  9:33  Marauder  
  129  9:37  SCV x3, Marine  
  135  9:40  Marauder  
  135  9:44  Marauder x2  
  141  9:46  Command Center  
  141  9:51  SCV, Marine x2, Marauder  
  146  9:54  Marine  
  146  9:55  Marauder  
  146  9:59  Missile Turret  
  149  10:02  Marauder  
  149  10:04  Marine  
  149  10:05  Marauder  
  154  10:09  Marine, Marauder  
  154  10:12  Marine x2  
  159  10:16  Marauder  
  146  10:22  Marine  
  146  10:23  Marauder  
  143  10:34  Thor  
  143  10:35  Marine x3, Marauder x2  
  151  10:38  Marauder  
  151  10:40  Marine  
  154  10:44  Marauder  
  156  10:51  Viking x2  
  156  10:52  Marine  
  156  10:53  Marine x2  
  156  10:56  Marine  
  166  10:57  Marauder  
  166  10:58  Marauder  
  168  11:12  Terran Infantry Armor Level 2  
  168  11:16  Thor  
  174  11:21  Viking x2  
  174  11:22  Factory  
  178  11:31  Factory  
  178  11:52  Medivac x2  
  182  12:07  Planetary Fortress  
  182  12:13  Factory Tech Lab  
  182  12:16  Factory Tech Lab  
  182  12:19  Terran Vehicle Weapons Level 1  
  182  12:20  Terran Infantry Weapons Level 3  
  182  12:22  Marine x3  
  182  12:23  Marine, Marauder  
  182  12:27  Supply Depot  
  182  12:29  Supply Depot  
  188  12:30  Supply Depot  
  188  12:48  SCV x2, Marine x2  
  188  12:49  Marauder x2  
  188  12:50  SCV  
  188  12:51  Marauder  
  199  12:59  Marine  
  200  13:32  Missile Turret x2  
  200  13:34  Missile Turret  
  200  13:35  Missile Turret x2  
  200  13:38  Terran Infantry Armor Level 3  
  200  13:52  Refinery  
  200  13:55  Refinery  
  198  14:45  Thor x3  
  173  14:57  Neosteel Armor  
  107  15:02  Medivac x2  
  107  15:04  Marauder  
  107  15:05  Marauder x7  
  98  15:26  Marauder x8  
  98  15:28  Thor x3  
  113  15:32  Medivac x2  
  135  15:37  Command Center  
  135  15:47  Marine x3, Marauder  
  135  15:48  Marauder x4  
  126  16:02  Medivac x2  
  114  16:05  Marine  
  114  16:06  Marauder x2  
  114  16:08  Marauder  
  114  16:09  Marauder x4  
  114  16:11  Thor x2  
  141  16:23  Marauder  
  143  16:26  Marine  
  143  16:27  Marauder  
  143  16:30  Marine, Marauder x2  
  143  16:32  Viking x2  
  155  16:48  Planetary Fortress  
  155  16:56  Thor x2  
  155  16:58  Marine, Marauder  
  170  17:08  Refinery  
  170  17:10  Refinery  
  170  17:15  Missile Turret  
  80  17:56  Marauder x7  
  80  17:57  Marauder  
  71  18:17  Marine x4, Marauder x3  
  71  18:18  Marauder  
  54  18:35  Marine, Marauder x2  
  54  18:36  Marauder  
Show
View Real Time Build Order
Export as new Build Order

cute Protoss 

Build Orders:  

Get SALT Encoding   

  12  0:02  Probe  
  13  0:13  Pylon  
  13  0:15  Probe  
  14  0:23  Probe  
  15  0:29  Assimilator  
  15  0:31  Probe  
  16  0:43  Gateway  
  16  0:47  Probe  
  17  0:59  Probe  
  18  1:11  Probe  
  18  1:12  Gateway  
  18  1:15  Gateway  
  19  1:23  Probe  
  20  1:27  Assimilator  
  20  1:33  Cybernetics Core  
  20  1:42  Pylon  
  20  1:45  Probe  
  21  2:04  Warp Gate  
  21  2:05  Probe  
  22  2:10  Twilight Council  
  22  2:11  Adept x2  
  26  2:30  Resonating Glaives, Pylon  
  26  2:34  Adept  
  28  2:41  Adept  
  30  2:49  Adept  
  32  2:56  Probe  
  33  3:09  Probe  
  34  3:17  Pylon  
  34  3:24  Adept x2  
  38  3:28  Probe  
  39  3:45  Nexus  
  39  4:01  Probe  
  40  4:04  Adept  
  40  4:06  Adept  
  44  4:12  Probe  
  44  4:16  Gateway  
  45  4:20  Probe  
  45  4:28  Probe  
  46  4:34  Shield Battery  
  47  4:40  Gateway  
  47  4:46  Pylon  
  47  4:56  Probe  
  44  5:09  Probe x2  
  44  5:11  Assimilator x2  
  34  5:20  Robotics Facility  
  34  5:21  Probe x2  
  34  5:23  Dark Shrine  
  34  5:30  Adept  
  34  5:33  Adept, Probe  
  39  5:41  Adept  
  41  5:42  Adept  
  43  5:51  Adept  
  43  5:52  Adept  
  43  5:53  Probe x2  
  43  5:57  Warp Prism  
  49  6:05  Probe x2  
  49  6:06  Charge  
  53  6:17  Probe  
  53  6:18  Probe  
  55  6:28  Gateway  
  55  6:29  Gateway, Shadow Stride  
  55  6:31  Probe x2  
  57  6:45  Observer  
  56  6:57  Stalker x3  
  56  6:58  Stalker  
  63  7:08  Shield Battery  
  63  7:16  Dark Templar  
  63  7:20  Dark Templar x2  
  69  7:36  Forge  
  63  7:50  Stalker x3  
  69  7:56  Pylon  
  67  7:58  Pylon  
  67  8:02  Pylon  
  67  8:03  Probe  
  67  8:04  Probe  
  69  8:11  Photon Cannon  
  69  8:15  Photon Cannon  
  69  8:16  Stalker x3  
  75  8:22  Blink  
  71  8:36  Stalker  
  71  8:37  Stalker x3  
  79  8:48  Probe  
  77  8:56  Shield Battery  
  65  9:21  Probe  
  64  9:28  Warp Prism  
  64  9:31  Protoss Ground Weapons Level 1  
  66  9:35  Gateway  
  66  9:41  Gateway  
  66  9:44  Gateway  
  66  9:50  Nexus  
  66  9:59  Probe x2  
  68  10:11  Probe x2  
  70  10:18  Robotics Bay  
  70  10:23  Probe x2  
  72  10:31  Robotics Facility  
  72  10:52  Dark Templar x4  
  72  10:53  Dark Templar x6  
  74  11:15  Colossus  
  74  11:16  Colossus  
  74  11:18  Pylon x2  
  70  11:20  Assimilator x2  
  76  11:30  Probe x3  
  85  11:40  Extended Thermal Lance  
  85  11:41  Stalker x2  
  89  11:47  Probe x2  
  91  12:06  Probe x3  
  94  12:13  Colossus  
  94  12:14  Colossus  
  106  12:19  Probe x3  
  109  12:38  Pylon  
  109  12:40  Pylon  
  109  12:41  Pylon  
  109  12:42  Protoss Ground Weapons Level 2  
  109  12:47  Forge  
  109  12:52  Stalker x4  
  117  13:11  Dark Templar x3  
  117  13:12  Dark Templar  
  124  13:20  Colossus  
  124  13:25  Zealot x4  
  138  13:29  Probe x2  
  140  13:37  Pylon  
  140  13:39  Pylon  
  140  13:49  Dark Templar x4  
  147  13:57  Shield Battery x2  
  147  14:03  Dark Templar x2  
  151  14:12  Immortal  
  137  15:03  Dark Templar x3  
  137  15:04  Dark Templar x3  
  149  15:09  Nexus  
  123  15:21  Dark Templar x2  
  123  15:22  Dark Templar  
  79  15:51  Dark Templar x4  
  75  16:02  Immortal x2  
  75  16:07  Probe x3  
  85  16:19  Probe  
  82  16:29  Protoss Ground Armor Level 1, Probe  
  82  16:30  Probe x2  
  85  16:34  Robotics Facility  
  85  16:36  Robotics Facility  
  85  16:44  Assimilator  
  85  16:46  Assimilator  
  85  16:54  Pylon  
  85  16:56  Pylon  
  85  16:58  Immortal x2  
  85  17:00  Zealot x2  
  85  17:01  Zealot x2  
  96  17:12  Zealot x3  
  96  17:13  Zealot x2  
  106  17:15  Immortal x2  
  106  17:23  Protoss Ground Weapons Level 3  
  114  17:33  Immortal  
  114  17:39  Immortal  
  122  17:45  Zealot x3  
  122  17:46  Zealot x4  
  122  17:47  Zealot  
  138  17:54  Immortal  
  82  18:28  Immortal  
  82  18:29  Immortal  
Tags
 
Add a new tag
Caveats
  • Supply blocks, unpowered buildings, or Contaminate may cause inaccurate times.
  • Supply counts are checked every 10 seconds.